 Dungeon Crawl Stone Soup version 0.29.1-1-gd02db6906a (webtiles) character file.

Game seed: 5099118588706152188

49 fireball365 the Covered (level 3, -8/33 HPs)
             Began as a Minotaur Fighter on Oct 12, 2022.
             Was a Follower of Fedhas.
             Mangled by Crazy Yiuf
             ... wielding a +4 quarterstaff of chaos
              (13 damage)
             ... while paralysed by Crazy Yiuf
             ... on level 2 of the Dungeon.
             The game lasted 00:07:09 (2133 turns).

fireball365 the Covered (Minotaur Fighter)          Turns: 2133, Time: 00:07:10

Health: -8/33      AC:  7    Str: 20    XL:     3   Next: 53%
Magic:  2/2        EV:  2    Int:  5    God:    Fedhas [*.....]
Gold:   90         SH:  0    Dex: 11    Spells: 2/2 levels left

rFire   . . .      SeeInvis .   a - +0 war axe
rCold   . . .      Faith    .   c - +0 buckler
rNeg    . . .      Spirit   .   b - +0 scale mail
rPois   .          Reflect  .   (helmet restricted)
rElec   .          Harm     .   (no cloak)
rCorr   .          Rampage  .   (no gloves)
Will    .....                   (no boots)
Stlth   ..........              (no amulet)
HPRegen 0.11/turn               (no ring)
MPRegen 0.08/turn               (no ring)

@: paralysed, mighty
A: horns 2, retaliatory headbutt
a: Renounce Religion


You were on level 2 of the Dungeon.
You worshipped Fedhas.
Fedhas was aware of your devotion.
You visited 1 branch of the dungeon, and saw 2 of its levels.

You collected 90 gold pieces.

Inventory:

Hand Weapons
 a - a +0 war axe (weapon)
Missiles
 r - 10 stones (quivered)
Armour
 b - a +0 scale mail (worn)
 c - a +0 buckler (worn)
 f - a +0 chain mail
Jewellery
 q - a ring of see invisible
Scrolls
 e - 2 scrolls of identify {unknown}
 h - a scroll of teleportation {unknown}
 i - a scroll of immolation {unknown}
 l - 2 scrolls of fog {unknown}
 m - a scroll of enchant weapon {unknown}
 n - 2 scrolls of poison {unknown}
 s - a scroll of amnesia {unknown}
Potions
 d - a potion of might
 g - 5 potions of curing {unknown}
 j - a potion of ambrosia {unknown}
 k - 2 potions of resistance {unknown}
 o - a potion of heal wounds {unknown}
 p - a potion of cancellation {unknown}


   Skills:
 - Level 4.0 Fighting
 + Level 3.1 Axes
 + Level 4.5 Armour
 + Level 0.1 Dodging
 + Level 4.0 Shields


You had 2 spell levels left.
You didn't know any spells.
Your spell library was empty.

Dungeon Overview and Level Annotations

Branches:
Dungeon (2/15)

Altars:
Fedhas

Annotations:
D:2 Crazy Yiuf


Innate Abilities, Weirdness & Mutations

You have a pair of horns on your head.
You reflexively headbutt those who attack you in melee.


Message History

The hobgoblin is almost dead.
The hobgoblin closely misses you.
You slash the hobgoblin!
You kill the hobgoblin!
Fedhas appreciates your contribution to the ecosystem.
You see here a dart slug corpse.
You cannot walk through the dense trees.
You cannot walk through the dense trees.
You cannot walk through the dense trees.
You cannot walk through the dense trees.
You cannot walk through the dense trees.
You cannot walk through the dense trees.
You cannot walk through the dense trees.
You cannot walk through the dense trees.
You cannot walk through the dense trees.
You cannot walk through the dense trees.
You cannot walk through the dense trees.
A frilled lizard comes into view.
The frilled lizard hisses angrily.
The frilled lizard closely misses you. You furiously retaliate!
You headbutt the frilled lizard.
You kill the frilled lizard!
Fedhas appreciates your contribution to the ecosystem.
Crazy Yiuf shouts!
You feel very mighty all of a sudden.
Crazy Yiuf screams, "Rot!
Mugger green foot."
You open the door. You slash Crazy Yiuf!
Crazy Yiuf is severely wounded.
Crazy Yiuf hits you with a +4 quarterstaff of chaos.
You suddenly lose the ability to move!
Crazy Yiuf hits you with a +4 quarterstaff of chaos.
Crazy Yiuf draws strength from your wounds!
Crazy Yiuf hits you with a +4 quarterstaff of chaos!
Crazy Yiuf freezes you.
Crazy Yiuf hits you with a +4 quarterstaff of chaos!
* * * LOW HITPOINT WARNING * * *
You are electrocuted!
You die...
Fedhas appreciates your contribution to the ecosystem.

####.###.####..#####.#
#........# #....# ###
#.##.#..## ♣...♣♣
#.##.#...# ♣...♣
#.##.....# ♣♣.♣♣
#.##.#...# ♣.♣♣ ###
#........# ♣♣.♣ #.#
####...#.# ♣.♣♣ #.#
#.###.# ♣♣@♣ #.#
#.###.# #g# #.# #
#.....# ... #.# ###
#.##### #...# #.# ..#
#.##### #..)# #.# #.##
#.....# ##### #.# ####
#..# #..##.#
#.#######... ##.#
#.....#### ###
##......##.## #.#
##.#.....# #.#
#.#####.##.##


You could see Crazy Yiuf.

Vanquished Creatures
  A worm (D:2)
  3 dart slugs
  3 ball pythons
  3 bats
  5 endoplasms
  2 giant cockroaches
  6 hobgoblins
  3 kobolds
  A quokka (D:1)
  5 frilled lizards
  2 goblins (D:2)
  2 rats (D:1)
36 creatures vanquished.

Notes
Turn   | Place    | Note
-------+----------+-------------------------------------------
     0 | D:1      | fireball365 the Minotaur Fighter began the quest for the
                  | Orb.
     0 | D:1      | Reached XP level 1. HP: 19/19 MP: 0/0
   257 | D:1      | Reached XP level 2. HP: 25/27 MP: 1/1
   728 | D:1      | Found a faded altar of an unknown god.
   738 | D:1      | Prayed at the altar of an unknown god.
   738 | D:1      | Became a worshipper of Fedhas Madash
   738 | D:1      | Reached * piety under Fedhas
  1247 | D:2      | Reached XP level 3. HP: 30/33 MP: 2/2
  1517 | D:2      | Found a runed translucent door.
  1518 | D:2      | Noticed Crazy Yiuf
  2130 | D:2      | Paralysed by Crazy Yiuf for 5 turns
  2133 | D:2      | Mangled by Crazy Yiuf

Illustrated notes

Levels and vault maps discovered:
D:1:      elethiomel_arrival_infinity_welcomes_careful_drivers,
          layout_loops_ring, ebering_ecumenical_altar_rust
D:2:      layout_loops_cross, minmay_misc_feat_plants, minmay_puff,
          uniq_crazy_yiuf_cottage

Skill      XL: |  1  2  3 |
---------------+----------+-----
Armour         | 4 |  4.5
Fighting       | 4 |  4.0
Shields        | 4 |  4.0
Axes           | 3 |  3.1
Dodging        | |  0.1

Action                   || total
-------------------------++-------
Melee: War axe           ||    62
       Headbutt          ||     7
  Use: Potion            ||     1
Armor: Scale mail        ||    35
Dodge: Dodged            ||    28
Block: Buckler           ||    18
